 Dungeon Crawl Stone Soup version 0.29.1-1-gd02db6906a (webtiles) character file.

Game seed: 2752788771056345693

169 LabCoat the Chopper (level 5, 0/70 HPs)
             Began as a Hill Orc Fighter on Sept 30, 2022.
             Slain by a gnoll
             ... wielding a +0 halberd
              (6 damage)
             ... on level 2 of the Dungeon.
             The game lasted 00:04:37 (1698 turns).

LabCoat the Chopper (Hill Orc Fighter)              Turns: 1698, Time: 00:04:38

Health: 0/70       AC: 22    Str: 21    XL:     5   Next: 50%
Magic:  5/5        EV:  2    Int:  8    God:
Gold:   68         SH:  4    Dex: 10    Spells: 4/4 levels left

rFire   . . .      SeeInvis .   a - +0 war axe
rCold   . . .      Faith    .   c - +0 buckler
rNeg    . . .      Spirit   .   (body armour currently unavailable)
rPois   +          Reflect  .   (helmet currently unavailable)
rElec   .          Harm     .   (cloak currently unavailable)
rCorr   .          Rampage  .   (gloves currently unavailable)
Will    .....      NoTele   +   (boots currently unavailable)
Stlth   +.........              (no amulet)
HPRegen 0.21/turn               (no ring)
MPRegen 0.09/turn               (no ring)

@: tree-form
A: stationary, stasis, torment immunity, boosted hp
a: no special abilities


You were on level 2 of the Dungeon.
You were a tree.
You visited 1 branch of the dungeon, and saw 2 of its levels.

You collected 68 gold pieces.

Inventory:

Hand Weapons
 a - a +0 war axe (weapon)
 n - a +0 flail
Missiles
 i - 3 boomerangs (quivered)
 k - 4 silver javelins
Armour
 b - a +0 scale mail (melded)
 c - a +0 buckler (worn)
 h - a +0 helmet (melded)
Scrolls
 e - a scroll of blinking {unknown}
 g - a scroll of noise {unknown}
 j - 2 scrolls of summoning {unknown}
 l - a scroll of poison {unknown}
 m - 2 scrolls of fear
Potions
 o - a potion of degeneration {unknown}


   Skills:
 + Level 4.3 Fighting
 * Level 4.5 Axes
 + Level 1.3 Throwing
 + Level 3.8 Armour
 + Level 4.0 Shields
 + Level 1.7 Evocations


You had 4 spell levels left.
You didn't know any spells.
Your spell library was empty.

Dungeon Overview and Level Annotations

Branches:
Dungeon (2/15)

Altars:


Message History

The gnoll barely misses you.
You closely miss the gnoll. You barely miss the gnoll. You hit the gnoll.
The gnoll barely misses you. The gnoll hits you with a +0 flail.
The gnoll hits you with a +0 spear. x2; You block the gnoll's attack.
The gnoll hits you with a +0 flail.
* * * LOW HITPOINT WARNING * * *
Unknown command.
Really quaff the potion of lignification?
Okay, then.
Throw: 3 boomerangs
Press: ? - help, Q - select action, (/) - cycle Shift-Dir - straight line, f - gnoll
Aim: a gnoll, wielding a +0 spear (61% to hit)
Okay, then.
Really quaff the potion of lignification?
Uppercase [Y]es or [N]o only, please.
Really quaff the potion of lignification?
You turn into a tree.
Your +0 helmet melds into your body.
Your +0 scale mail melds into your body.
Your roots penetrate the ground.
You block the gnoll's attack. The gnoll hits you but does no damage.
The gnoll hits you with a +0 spear.
* * * LOW HITPOINT WARNING * * *
You hit the gnoll but do no damage.
The gnoll is moderately wounded.
You closely miss the gnoll. You hit the gnoll.
The gnoll hits you but does no damage. x3
You hit the gnoll but do no damage.
The gnoll is moderately wounded.
You barely miss the gnoll. x2; The gnoll hits you but does no damage. x2
The gnoll hits you with a +0 spear.
* * * LOW HITPOINT WARNING * * *
You hit the gnoll.
The gnoll is heavily wounded.
You hit the gnoll. You barely miss the gnoll.
The gnoll hits you with a +0 halberd!
* * * LOW HITPOINT WARNING * * *
The gnoll hits you with a +0 flail.
* * * LOW HITPOINT WARNING * * *
You block the gnoll's attack.
You feel better. The gnoll hits you with a +0 halberd.
You die...

..).....<##[.#.....#P..#.
.........##..>.#.#.# P.#.
...................# .#.
................#..# ###.
...................# .##
.>........#......#.# ..
................#..##.#
....)..........g#g##..#
..###.<)....###.♣.##.#
..##..#.......#.g..).#
.###.##...#.#....##..##
.##..#....#.#.##......###
)..###..#####.######.)..#
........# #.# #)#....#
.......## #.# #.)#..#..#
.......# #.# #.#. ....$
.......# #.# .. .. ...


You could see 3 gnolls.

Vanquished Creatures
  Jessica (D:2)
  2 adders (D:2)
  8 gnolls (D:2)
  A worm (D:2)
  2 dart slugs
  2 endoplasms
  5 giant cockroaches
  4 goblins
  3 hobgoblins
  2 jackals (D:1)
  4 kobolds
  2 ball pythons
  4 bats
  4 frilled lizards (D:1)
  6 rats
50 creatures vanquished.

Vanquished Creatures (others)
  4 withered plants (D:2)
4 creatures vanquished.

Grand Total: 54 creatures vanquished

Notes
Turn   | Place    | Note
-------+----------+-------------------------------------------
     0 | D:1      | LabCoat the Hill Orc Fighter began the quest for the Orb.
     0 | D:1      | Reached XP level 1. HP: 19/19 MP: 1/1
   119 | D:1      | Reached XP level 2. HP: 22/27 MP: 2/2
   802 | D:2      | Noticed Jessica
   804 | D:2      | Killed Jessica
   805 | D:2      | Reached XP level 3. HP: 33/33 MP: 3/3
   807 | D:2      | Reached skill level 1 in Evocations
   835 | D:2      | Reached XP level 4. HP: 40/40 MP: 4/4
  1202 | D:2      | Reached skill level 1 in Throwing
  1422 | D:2      | Reached XP level 5. HP: 36/46 MP: 5/5
  1697 | D:2      | HP: 1/70 [gnoll/+0 flail (6)]
  1698 | D:2      | Slain by a gnoll

Illustrated notes

Levels and vault maps discovered:
D:1:      scummos_arrival_hexagon, layout_rooms
D:2:      layout_rooms, serial_aquarium, aquarium_bridge_square
          [aquarium_subvault_wall, aquarium_subvault_balcony,
          aquarium_subvault_bridge, aquarium_subvault_bridge],
          aquarium_bridge_long_separate [aquarium_subvault_balcony,
          aquarium_subvault_bridge, aquarium_subvault_wall,
          aquarium_subvault_bridge, aquarium_subvault_window,
          aquarium_subvault_balcony], aquarium_window_corridor_1,
          aquarium_window_2, aquarium_view_4, aquarium_view_2d,
          aquarium_pool_corner, ebering_ecumenical_altar_petrified, uniq_jessica

Skill      XL: |  1  2  3  4  5 |
---------------+----------------+-----
Axes           | 3 4 |  4.5
Fighting       | 4 |  4.3
Evocations     | 1 |  1.7
Throwing       | 1 |  1.3
Shields        | 4 |  4.0
Armour         | |  3.8

Action                   |  1- 3 |  4- 6 || total
-------------------------+-------+-------++-------
Melee: War axe           |    46 |    50 ||    96
Throw: Boomerang         |     9 |    18 ||    27
  Use: Scroll            |     1 |     3 ||     4
       Potion            |       |     3 ||     3
Armor: Scale mail        |    27 |    26 ||    53
       Skin              |       |     6 ||     6
Dodge: Dodged            |    20 |    37 ||    57
Block: Buckler           |    13 |    15 ||    28
